Map: Données C

Players

ShaDoWn - Winner!

  • Race: Protoss Protoss
  • Spawn Location: 9:00

MaNa

  • Race: Protoss Protoss
  • Spawn Location: 3:00

Event: DreamHack SC2 Masters 2022 Atlanta (Offline)

VOD

Have the link to the VOD?

Description

Time

  • Played on: Nov. 18, 2022, 7:14 p.m.
  • Length: 5:09

All games in this series

Show
View Real Time Build Order
Export as new Build Order

ShaDoWn Protoss - Winner!

Build Orders: Blink Stalkers 

Get SALT Encoding   

  12  0:00  Probe  
  13  0:12  Probe  
  14  0:17  Pylon  
  14  0:24  Probe  
  15  0:35  Gateway  
  15  0:36  Probe (Chrono Boost)  
  16  0:46  Probe (Chrono Boost), Assimilator  
  17  0:51  Probe (Chrono Boost)  
  17  0:54  Assimilator  
  18  1:03  Probe (Chrono Boost)  
  19  1:06  Gateway  
  19  1:12  Probe (Chrono Boost)  
  19  1:17  Probe (Chrono Boost)  
  20  1:23  Cybernetics Core  
  21  1:29  Probe  
  22  1:37  Pylon  
  22  1:41  Probe  
  23  1:59  Robotics Facility  
  23  2:02  Adept x2  
  23  2:05  Warp Gate  
  27  2:13  Pylon  
  27  2:32  Stalker  
  29  2:38  Twilight Council  
  29  2:42  Warp Prism (Chrono Boost)  
  31  2:56  Gateway  
  31  3:09  Blink (Chrono Boost)  
  31  3:22  Pylon  
  31  3:25  Observer  
  32  3:46  Pylon  
  32  3:54  Stalker x2  
  32  3:55  Stalker  
  38  4:17  Stalker x3  
  42  4:40  Stalker x2  
  42  4:41  Stalker  
  42  4:44  Pylon  
  46  5:06  Stalker x3  
Show
View Real Time Build Order
Export as new Build Order

MaNa Protoss 

Build Orders: 1 Gate Expand, Proxy Void Ray 

Get SALT Encoding   

  12  0:00  Probe  
  13  0:12  Probe  
  14  0:17  Pylon  
  14  0:24  Probe (Chrono Boost)  
  15  0:36  Probe (Chrono Boost)  
  15  0:38  Gateway  
  16  0:44  Probe (Chrono Boost)  
  16  0:47  Assimilator  
  17  0:50  Probe  
  18  1:03  Probe (Chrono Boost)  
  20  1:12  Probe (Chrono Boost)  
  20  1:19  Probe  
  21  1:28  Nexus  
  21  1:39  Cybernetics Core  
  21  1:41  Probe  
  22  1:47  Assimilator  
  22  1:53  Pylon  
  22  1:56  Probe  
  23  2:11  Probe  
  23  2:14  Adept (Chrono Boost)  
  24  2:16  Stargate  
  26  2:23  Probe  
  27  2:35  Shield Battery, Stalker  
  27  2:40  Probe  
  27  2:41  Probe  
  31  2:51  Shield Battery  
  31  3:05  Void Ray (Chrono Boost)  
  35  3:09  Probe  
  35  3:10  Probe  
  30  3:46  Void Ray (Chrono Boost), Probe  
  35  3:50  Probe (Chrono Boost)  
  38  4:03  Probe (Chrono Boost)  
  38  4:04  Probe (Chrono Boost)  
  34  4:10  Probe (Chrono Boost)  
  34  4:12  Probe (Chrono Boost)  
  36  4:31  Void Ray  
  37  4:32  Probe  
Tags
 
Add a new tag
Caveats
  • Supply blocks, unpowered buildings, or Contaminate may cause inaccurate times.
  • Supply counts are checked every 10 seconds.